 Dungeon Crawl Stone Soup version 0.30-a0-696-g2367cd04db (webtiles) character file.

Game seed: 729915091882659199

191 omnomnOMINOUS the Vexing (level 5, -6/35 HPs)
             Began as an Octopode Wanderer on Jan 20, 2023.
             Engulfed by a steam dragon's steam (13 damage)
             ... on level 4 of the Dungeon.
             The game lasted 00:05:12 (3258 turns).

omnomnOMINOUS the Vexing (Octopode Wanderer)        Turns: 3258, Time: 00:05:13

Health: -6/35      AC:  1    Str: 10    XL:     5   Next: 70%
Magic:  2/9        EV: 13    Int: 16    God:
Gold:   272        SH:  4    Dex: 13    Spells: 6/9 levels left

rFire   . . .      SeeInvis .    a - +1 rapier (drain)
rCold   . . .      Faith    .    g - +0 buckler
rNeg    . . .      Spirit   .    (helmet restricted)
rPois   .          Reflect  .    (no amulet)
rElec   .          Harm     .    (no ring)
rCorr   .          Rampage  .    (no ring)
Will    .....                    (no ring)
Stlth   ++                       (no ring)
HPRegen 0.25/turn                (no ring)
MPRegen 0.11/turn                (no ring)
                                 (no ring)
                                 (no ring)

@: no status effects
A: almost no armour, amphibious, 8 rings, camouflage 1, gelatinous body 1,
(nimble swimmer 1), tentacles
a: no special abilities


You were on level 4 of the Dungeon.
You visited 1 branch of the dungeon, and saw 4 of its levels.

You collected 272 gold pieces.

Inventory:

Hand Weapons
 a - a +1 rapier of draining (weapon)
 b - a +2 sling of electrocution
 c - a +0 dagger of holy wrath
 i - a +0 mace
 t - a +0 dagger of protection
Armour
 g - a +0 buckler (worn)
Wands
 u - a wand of paralysis (6)
Scrolls
 d - a scroll of blinking {unknown}
 f - a scroll of vulnerability {unknown}
 h - 2 scrolls of fog {unknown}
 j - a scroll of enchant weapon {unknown}
 l - 4 scrolls of identify {unknown}
 n - a scroll of acquirement {unknown}
 q - 4 scrolls of teleportation {unknown}
 s - a scroll of fear
Potions
 e - a potion of might {unknown}
 k - a potion of flight {unknown}
 m - a potion of haste {unknown}
 p - 2 potions of mutation {unknown}
 r - a potion of cancellation {unknown}
 v - 2 potions of attraction {unknown}


   Skills:
 + Level 2.5 Fighting
 - Level 2.0 Maces & Flails
 + Level 2.2 Dodging
 + Level 2.6 Shields
 + Level 2.9 Spellcasting
 - Level 4.0 Hexes
 + Level 1.4 Ice Magic


You had 6 spell levels left.
You knew the following spells:

 Your Spells              Type           Power      Damage    Failure   Level
a - Slow                  Hex            60%        N/A       4%          1
b - Ensorcelled Hibernat  Hex/Ice        22%        N/A       12%         2

Your spell library contained the following spells:

 Spells                   Type           Power      Damage    Failure   Level
 Portal Projectile        Hex/Tloc       16%        N/A       32%         3
 Ignite Poison            Fire/Tmut/Pois 2%         N/A       58%         3
 Kindle Blastsparks       Fire/Tloc/Air  4%         2d10      58%         3
 Freezing Cloud           Conj/Ice/Air   1%         6-21      99%         5
 Summon Forest            Summ/Tloc      1%         N/A       100%        5
 Eringya's Noxious Bog    Tmut/Pois      1%         N/A       100%        6
 Summon Hydra             Summ           1%         N/A       100%        7


Dungeon Overview and Level Annotations

Branches:
Dungeon (4/15)
 Temple: D:4-7

Altars:
Qazlal
Xom

Shops:
D:1 (


Innate Abilities, Weirdness & Mutations

You cannot wear most types of armour.
You are amphibious.
You can wear up to eight rings at the same time.
Your skin changes colour to match your surroundings (Stealth+).
Your rubbery body absorbs attacks. (AC +1, EV +1)
((You are camouflaged when in or above water. (Stealth+)))
You have tentacles for arms and can constrict up to eight enemies at once.


Message History

Casting: Ensorcelled Hibernation (safe; 12% risk of failure)
Confirm with . or Enter, or press ? or * to list all spells.
Aiming: Ensorcelled Hibernation (safe; 12% risk of failure)
Press: ? - help, Shift-Dir - straight line, f - steam dragon
Aim: a steam dragon (chance to affect: 45%)
The steam dragon resists with some effort.
Casting: Ensorcelled Hibernation (safe; 12% risk of failure)
Confirm with . or Enter, or press ? or * to list all spells.
Aiming: Ensorcelled Hibernation (safe; 12% risk of failure)
Press: ? - help, Shift-Dir - straight line, f/p - steam dragon
Aim: a steam dragon (chance to affect: 45%)
The steam dragon resists with some effort.
The steam dragon breathes steam at you. The ball of steam hits you!
Casting: Ensorcelled Hibernation (safe; 12% risk of failure)
Confirm with . or Enter, or press ? or * to list all spells.
Aiming: Ensorcelled Hibernation (safe; 12% risk of failure)
Press: ? - help, Shift-Dir - straight line, f/p - steam dragon
Aim: a steam dragon (steam, wandering, hasn't noticed you, chance to affect: 45%)
The steam dragon resists with some effort.
Casting: Ensorcelled Hibernation (safe; 12% risk of failure)
Confirm with . or Enter, or press ? or * to list all spells.
Aiming: Ensorcelled Hibernation (safe; 12% risk of failure)
Press: ? - help, Shift-Dir - straight line, f/p - steam dragon
Aim: a steam dragon (chance to affect: 45%)
The steam dragon resists with some effort.
The steam dragon breathes steam at you. The ball of steam hits you!
* * * LOW HITPOINT WARNING * * *
It was a potion of curing.
You feel better.
You are engulfed in a cloud of scalding steam.
You are engulfed in a cloud of scalding steam.
* * * LOW HITPOINT WARNING * * *
You feel better.
You are engulfed in a cloud of scalding steam.
* * * LOW HITPOINT WARNING * * *
As you read the scroll of fear, it crumbles to dust.
You assume a fearsome visage.
The steam dragon looks frightened!
You are engulfed in a cloud of scalding steam.
You die...

...........................>..#
.##############..#####..8.)...#
.# #......S..######.......# .#
#.######...........8..## ## #.#
#########.#...## #.# #.#.###
####.###### ###.#.#
#.........#######.....#
#.##.####..ยง@D.....#.## #
#.##.# #.#######.###.####...
#....# #.# #.## ##.......
#..### #.# ##.###..###...
#..######.# #D.#.).#
#####..#......# #.#.#..#
.........####.# ###.###.....
#####..### #.# #.....#..####
#####..######.#####.....#..#


You could see a steam dragon (fleeing).

Vanquished Creatures
  A hound (D:4)
  2 iguanas (D:4)
  6 adders
  6 ball pythons
  4 endoplasms
  2 giant cockroaches (D:3)
  11 goblins
  10 hobgoblins
  4 kobolds
  4 quokkas
  4 bats
  4 frilled lizards
  3 rats
61 creatures vanquished.

Vanquished Creatures (others)
  2 plants (D:2)
2 creatures vanquished.

Grand Total: 63 creatures vanquished

Notes
Turn   | Place    | Note
-------+----------+-------------------------------------------
     0 | D:1      | omnomnOMINOUS the Octopode Wanderer began the quest for the
                  | Orb.
     0 | D:1      | omnomnOMINOUS set off with the following items: a +0 mace,
                  | a +0 buckler, a scroll of fear; and the following spell
                  | memorised: Slow; and the following spells available to
                  | memorise: Ensorcelled Hibernation, Portal Projectile.
     0 | D:1      | Reached XP level 1. HP: 13/13 MP: 3/3
   118 | D:1      | Reached XP level 2. HP: 10/18 MP: 5/5
   269 | D:1      | Found Loih's Weapon Shop.
   806 | D:2      | Reached skill level 1 in Dodging
   806 | D:2      | Reached XP level 3. HP: 15/23 MP: 6/6
  1331 | D:2      | Found a stormy altar of Qazlal.
  1486 | D:2      | Learned a level 2 spell: Ensorcelled Hibernation
  2118 | D:3      | Reached XP level 4. HP: 29/29 MP: 7/7
  2406 | D:3      | Found a shimmering altar of Xom.
  2964 | D:4      | Reached skill level 1 in Ice Magic
  2964 | D:4      | Reached XP level 5. HP: 34/34 MP: 7/9
  3035 | D:4      | Noticed an ogre
  3239 | D:4      | Noticed a steam dragon
  3258 | D:4      | Engulfed by a steam dragon's steam

Illustrated notes

Levels and vault maps discovered:
D:1:      dpeg_arrival_simpleton_b, layout_loops_cross, serial_shops,
          nicolae_shop_crystal, nrook_mini_vaults, dreamdust_wishing_well
D:2:      mumra_celtic_spiral_tile, layout_loops_corners, basic_altar,
          serial_forest, infiniplex_forest_zigzag_1,
          infiniplex_forest_clump_medium, infiniplex_forest_lined_3_way,
          infiniplex_forest_lined_1, infiniplex_forest_clump_small,
          minmay_goblin_kobold_house
D:3:      layout_rooms, mainiacjoe_overflow_concentric_impassable,
          chequers_serial_rivers_large_b, minmay_door_square
D:4:      layout_loops_ring, ashenzari_altar_1, grunt_ministairs_9

Skill      XL: |  1  2  3  4 |
---------------+-------------+-----
Dodging        | 1 2 |  2.2
Shields        | 2 |  2.6
Fighting       | 2 |  2.5
Ice Magic      | 1 |  1.4
Maces & Flails | |  2.0
Spellcasting   | |  2.9
Hexes          | |  4.0

Action                   |  1- 3 |  4- 6 || total
-------------------------+-------+-------++-------
Melee: Mace              |    15 |       ||    15
       Constrict         |    14 |     9 ||    23
       Tentacles         |     8 |     8 ||    16
       Rapier            |    48 |    41 ||    89
       Punch             |       |     2 ||     2
 Fire: Sling             |       |    13 ||    13
 Cast: Ensorcelled Hiber |       |     6 ||     6
  Use: Potion            |       |     2 ||     2
       Scroll            |       |     1 ||     1
 Stab: Sleeping          |    10 |     2 ||    12
Armor: Skin              |     3 |     3 ||     6
Dodge: Dodged            |    24 |    25 ||    49
Block: Buckler           |     8 |     7 ||    15

Table legend: (Time is in decaauts)
 A = Elapsed time spent in this place.
 B = Non-inter-level travel time spent in this place.
 C = Inter-level travel time spent in this place.
 D = Time resting spent in this place.
 E = Time spent auto-exploring this place.
 F = Levels seen in this place.
 G = Mean time per level.
                   A        B        C        D        E       F      G
               +--------+--------+--------+--------+--------+-----+--------+
         Total |   3289 |   3188 |    101 |    355 |   2362 |   4 |  822.2 |
       Dungeon |   3289 |   3188 |    101 |    355 |   2362 |   4 |  822.2 |
               +--------+--------+--------+--------+--------+-----+--------+

Top non-repeatable levels by time:
     D:2: 1417 daAuts
     D:3: 845 daAuts
     D:1: 711 daAuts
     D:4: 314 daAuts
